 Dungeon Crawl Stone Soup version 0.29-a0-472-ge5599a681e (webtiles) character file.

Game seed: 4281645495114683255

318 croobank the Chopper (level 6, -9/53 HPs)
             Began as a Gnoll Cinder Acolyte on May 22, 2022.
             Was a High Priest of Ignis.
             Mangled by an orc warrior
             ... wielding a +0 glaive
              (21 damage)
             ... on level 4 of the Dungeon.
             The game lasted 00:09:05 (4042 turns).

croobank the Chopper (Gnoll Cinder Acolyte)         Turns: 4042, Time: 00:09:06

Health: -9/53      AC:  3    Str: 14    XL:     6   Next: 45%
Magic:  7/11       EV: 11    Int: 15    God:    Ignis [*****.]
Gold:   99         SH:  0    Dex:  7    Spells: 9/11 levels left

rFire   + . .      SeeInvis +   a - +0 war axe (spect)
rCold   . . .      Faith    .   (no shield)
rNeg    . . .      Spirit   .   b - +1 robe
rPois   .          Reflect  .   (no helmet)
rElec   .          Harm     .   (no cloak)
rCorr   .          Rampage  .   (no gloves)
Will    .....                   (no boots)
Stlth   ++........              (no amulet)
HPRegen 0.17/turn               r - ring of see invisible
MPRegen 0.12/turn               (no ring)

@: no status effects
A: fangs 1, strong nose, distributed training
a: Renounce Religion, Fiery Armour, Foxfire Swarm, Rising Flame


You were on level 4 of the Dungeon.
You worshipped Ignis.
Ignis was extremely pleased with you.
You visited 1 branch of the dungeon, and saw 4 of its levels.

You collected 99 gold pieces.

Inventory:

Hand Weapons
 a - a +0 spectral war axe (weapon)
 e - a +0 morningstar of draining
 g - a +0 short sword
 i - a -1 hand axe of flaming
 o - a +2 mace of protection
Missiles
 h - 158 stones (quivered)
Armour
 b - a +1 robe (worn)
 m - a +0 ring mail
 n - a +0 helmet
Jewellery
 d - a +4 ring of evasion
 r - a ring of see invisible (left hand)
Wands
 l - a wand of charming (5)
 p - a wand of flame (11)
Scrolls
 f - a scroll of blinking
 k - a scroll of brand weapon
Potions
 c - 4 potions of flight
 j - a potion of degeneration {unknown}
 q - 2 potions of curing {unknown}
 s - a potion of attraction {unknown}


   Skills:
 + Level 6.8 Fighting
 + Level 2.0 Short Blades
 + Level 2.0 Long Blades
 + Level 6.8 Axes
 + Level 2.0 Maces & Flails
 + Level 2.0 Polearms
 + Level 2.0 Staves
 + Level 2.0 Slings
 + Level 2.0 Bows
 + Level 2.0 Crossbows
 + Level 2.0 Throwing
 + Level 2.0 Armour
 + Level 2.0 Dodging
 + Level 2.0 Stealth
 + Level 2.0 Shields
 + Level 2.0 Unarmed Combat
 + Level 3.4 Spellcasting
 + Level 1.5 Conjurations
 + Level 1.5 Hexes
 + Level 1.5 Summonings
 + Level 1.5 Necromancy
 + Level 1.5 Translocations
 + Level 1.5 Transmutations
 + Level 5.6 Fire Magic
 + Level 1.5 Ice Magic
 + Level 1.5 Air Magic
 + Level 1.5 Earth Magic
 + Level 1.5 Poison Magic
 + Level 2.1 Invocations
 + Level 2.0 Evocations


You had 9 spell levels left.
You knew the following spells:

 Your Spells              Type           Power      Damage    Failure   Level
a - Scorch                Fire           38%        2d7       2%          2

Your spell library contained the following spells:

 Spells                   Type           Power      Damage    Failure   Level
 Portal Projectile        Hex/Tloc       14%        N/A       30%         3
 Summon Guardian Golem    Hex/Summ       7%         N/A       30%         3
 Tukima's Dance           Hex            7%         N/A       30%         3
 Blade Hands              Tmut           3%         N/A       96%         5
 Orb of Destruction       Conj           3%         9d5       100%        7
 Spellforged Servitor     Conj/Summ      3%         N/A       100%        7


Dungeon Overview and Level Annotations

Branches:
Dungeon (4/15)
 Temple: D:4-7

Altars:


Innate Abilities, Weirdness & Mutations

You have very sharp teeth.
Your uncanny sense of smell can sniff out nearby items.
Your experience applies equally to all skills.


Message History

Your Unarmed Combat skill increases to level 2!
Your Evocations skill increases to level 2!
Found a robe.
Found a stone staircase leading up.
Found a stone staircase leading up.
A goblin comes into view. It is wielding a +0 dagger.
The goblin shouts!
You hear an angry hiss.
An orc comes into view. It is wielding a +0 club.
The goblin hits you but does no damage.
The orc shouts!
You slash the goblin!
You kill the goblin!
An orc warrior comes into view. It is wielding a +0 glaive.
The orc warrior shouts!
A ball python comes into view.
The orc throws a boomerang.
The boomerang hits you.
You see here a +0 dagger.
The orc hits you but does no damage.
You slash the orc!
You kill the orc!
The orc warrior barely misses you.
An orc comes into view. It is wielding a +0 mace.
There is a stone staircase leading up here.
Casting: Scorch (safe; 2% risk of failure)
Confirm with . or Enter, or press ? or * to list all spells.
You don't know that spell.
Casting: Scorch (safe; 2% risk of failure)
Confirm with . or Enter, or press ? or * to list all spells.
Flames lash the ball python.
You kill the ball python!
The orc shouts!
The orc warrior hits you from afar with a +0 glaive!
Casting: Scorch (safe; 2% risk of failure)
Confirm with . or Enter, or press ? or * to list all spells.
Flames lash the orc warrior.
The orc warrior is moderately wounded.
The orc warrior's fire resistance burns away.
The orc warrior hits you from afar with a +0 glaive!!
* * * LOW HITPOINT WARNING * * *
The orc warrior hits you from afar with a +0 glaive!!
You die...

...#####.########+#..
∆ ...# #.## #....#
...# #..# #.... ...#
##.## #...# ...# #..#
#...# ...# ##.# #.o.#
...# #.## #o..# ####
#..# #..)# ∆ ##.#
#@..# #.# #.).###
#.## #.....# #..#
##.##.# ##.####.# ...
#......# ###
########......#
..............#
..............#


You could see an orc warrior (combustible) and an orc.

Vanquished Creatures
  An ogre (D:4)
  2 orc priests (D:4)
  2 jellies (D:4)
  An orc wizard (D:3)
  4 adders
  3 orcs (D:4)
  3 endoplasms
  3 giant cockroaches (D:3)
  5 goblins
  3 hobgoblins (D:1)
  6 jackals
  4 quokkas
  4 ball pythons
  4 frilled lizards
  4 kobolds
  10 rats
59 creatures vanquished.

Vanquished Creatures (others)
  An adder (D:3)
1 creature vanquished.

Grand Total: 60 creatures vanquished

Notes
Turn   | Place    | Note
-------+----------+-------------------------------------------
     0 | D:1      | croobank the Gnoll Cinder Acolyte began the quest for the
                  | Orb.
     0 | D:1      | Reached XP level 1. HP: 23/23 MP: 4/4
   354 | D:1      | Reached XP level 2. HP: 29/29 MP: 5/5
   357 | D:1      | Learned a level 2 spell: Scorch
   937 | D:1      | Found a faded altar of an unknown god.
  1369 | D:2      | Reached XP level 3. HP: 35/35 MP: 4/7
  1970 | D:2      | Reached skill level 1 in Invocations
  2325 | D:3      | Reached skill level 1 in Short Blades
  2325 | D:3      | Reached skill level 1 in Long Blades
  2325 | D:3      | Reached skill level 1 in Maces & Flails
  2325 | D:3      | Reached skill level 1 in Polearms
  2325 | D:3      | Reached skill level 1 in Staves
  2325 | D:3      | Reached skill level 1 in Slings
  2325 | D:3      | Reached skill level 1 in Bows
  2325 | D:3      | Reached skill level 1 in Crossbows
  2325 | D:3      | Reached skill level 1 in Throwing
  2325 | D:3      | Reached skill level 1 in Armour
  2325 | D:3      | Reached skill level 1 in Dodging
  2325 | D:3      | Reached skill level 1 in Stealth
  2325 | D:3      | Reached skill level 1 in Shields
  2325 | D:3      | Reached skill level 1 in Unarmed Combat
  2325 | D:3      | Reached skill level 1 in Evocations
  2329 | D:3      | Reached XP level 4. HP: 41/41 MP: 1/8
  3267 | D:4      | Reached skill level 1 in Conjurations
  3267 | D:4      | Reached skill level 1 in Hexes
  3267 | D:4      | Reached skill level 1 in Summonings
  3267 | D:4      | Reached skill level 1 in Necromancy
  3267 | D:4      | Reached skill level 1 in Translocations
  3267 | D:4      | Reached skill level 1 in Transmutations
  3267 | D:4      | Reached skill level 1 in Ice Magic
  3267 | D:4      | Reached skill level 1 in Air Magic
  3267 | D:4      | Reached skill level 1 in Earth Magic
  3267 | D:4      | Reached skill level 1 in Poison Magic
  3328 | D:3      | Reached XP level 5. HP: 29/47 MP: 0/9
  3837 | D:4      | Noticed an ogre
  3842 | D:4      | Killed an ogre
  3843 | D:4      | Reached XP level 6. HP: 50/53 MP: 9/11
  4035 | D:4      | Noticed an orc warrior
  4042 | D:4      | Mangled by an orc warrior

Illustrated notes

Levels and vault maps discovered:
D:1:      dpeg_arrival_boxorama, layout_basic, basic_ecumenical_altar,
          lemuel_another_geyser
D:2:      layout_basic, serial_aquarium, aquarium_bridge_straight
          [aquarium_subvault_bridge, aquarium_subvault_wall,
          aquarium_subvault_bridge, aquarium_subvault_window],
          aquarium_bridge_square [aquarium_subvault_wall,
          aquarium_subvault_bridge, aquarium_subvault_window,
          aquarium_subvault_balcony], aquarium_window_1, aquarium_window_2,
          aquarium_window_corridor_3, aquarium_view_2a, aquarium_pool_split
D:3:      layout_loops_ring, portal_sewer_entry_e
D:4:      layout_basic, serial_bayou_crossing

Skill      XL: |  1  2  3  4  5  6 |
---------------+-------------------+-----
Invocations    | 1 2 |  2.1
Short Blades   | 1 2 |  2.0
Long Blades    | 1 2 |  2.0
Maces & Flails | 1 2 |  2.0
Polearms       | 1 2 |  2.0
Staves         | 1 2 |  2.0
Slings         | 1 2 |  2.0
Bows           | 1 2 |  2.0
Crossbows      | 1 2 |  2.0
Throwing       | 1 2 |  2.0
Armour         | 1 2 |  2.0
Dodging        | 1 2 |  2.0
Stealth        | 1 2 |  2.0
Shields        | 1 2 |  2.0
Unarmed Combat | 1 2 |  2.0
Evocations     | 1 2 |  2.0
Spellcasting   | 3 |  3.4
Conjurations   | 1 |  1.5
Hexes          | 1 |  1.5
Summonings     | 1 |  1.5
Necromancy     | 1 |  1.5
Translocations | 1 |  1.5
Transmutations | 1 |  1.5
Ice Magic      | 1 |  1.5
Air Magic      | 1 |  1.5
Earth Magic    | 1 |  1.5
Poison Magic   | 1 |  1.5
Fighting       | |  6.8
Axes           | |  6.8
Fire Magic     | |  5.6

Action                   |  1- 3 |  4- 6 || total
-------------------------+-------+-------++-------
Melee: Hand axe          |    37 |    31 ||    68
       Bite              |       |     2 ||     2
       War axe           |       |     9 ||     9
       Punch             |       |     1 ||     1
 Cast: Scorch            |    25 |    24 ||    49
Evoke: Wand              |       |     4 ||     4
  Use: Scroll            |     6 |     3 ||     9
       Potion            |       |     2 ||     2
 Stab: Sleeping          |       |     1 ||     1
Armor: Robe              |     4 |    14 ||    18
Dodge: Dodged            |    19 |    23 ||    42

Table legend: (Time is in decaauts)
 A = Elapsed time spent in this place.
 B = Non-inter-level travel time spent in this place.
 C = Inter-level travel time spent in this place.
 D = Time resting spent in this place.
 E = Time spent auto-exploring this place.
 F = Levels seen in this place.
 G = Mean time per level.
                   A        B        C        D        E       F      G
               +--------+--------+--------+--------+--------+-----+--------+
         Total |   4047 |   3998 |     49 |   1131 |   2342 |   4 | 1011.8 |
       Dungeon |   4047 |   3998 |     49 |   1131 |   2342 |   4 | 1011.8 |
               +--------+--------+--------+--------+--------+-----+--------+

Top non-repeatable levels by time:
     D:3: 1270 daAuts
     D:1: 1167 daAuts
     D:2: 1116 daAuts
     D:4: 492 daAuts
